General information
- name: BNet
- type: Ladder team game (AT/RT)
- host: Battle.net
- saver: dirtmcwordup
map: Goldshire
- players: 4
- length: 23:29
- speed: Fast
- version: 1.21 W3XP
- replay type:

» download(148 KB)
Players
team 1 (winner)

»
dirtmcwordup (
pink | 112 APM | 2627 actions | 23:29)
5 Archmage
3 Summon Water Elemental
2 Brilliance Aura
4 Mountain King
2 Storm Bolt
2 Bash
» actions
| Assign group hotkey | 42 | |
| Basic commands | 155 | |
| Build / train | 106 | |
| ESC pressed | 3 | |
| Enter build submenu | 36 | |
| Enter hero's abilities submenu | 9 | |
| Give item / drop item | 1 | |
| Right click | 944 | |
| Select / deselect | 425 | |
| Select group hotkey | 788 | |
| Use ability | 118 | |
2627 total
» units
| Peasant | 23 | |
| Footman | 18 | |
| Sorceress | 5 | |
| Priest | 2 | |
| Spell Breaker | 3 | |
| Flying Machine | 7 | |
58 total
» upgrades
| Sorceress Training | 2 | |
| Magic Sentry | 1 | |
| Priest Training | 2 | |
| Lumber Harvesting | 1 | |
| Control Magic | 1 | |
| Flak Cannons | 1 | |
| Swords | 1 | |
| Plating | 1 | |
10 total
» buildings
| Altar of Kings | 2 | |
| Barracks | 1 | |
| Farm | 9 | |
| Scout Tower | 13 | |
| Arcane Tower | 3 | |
| Lumber Mill | 1 | |
| Town Hall | 2 | |
| Arcane Vault | 1 | |
| Guard Tower | 7 | |
| Keep | 1 | |
| Arcane Sanctum | 2 | |
| Castle | 1 | |
| Blacksmith | 1 | |
| Workshop | 1 | |
| Gryphon Aviary | 1 | |
46 total
» build order
00:09 Altar of Kings
00:14 Altar of Kings
00:16 Barracks
00:35 Farm
01:29 Farm
01:51 Farm
01:55 Scout Tower
02:37 Arcane Tower
03:41 Lumber Mill
04:27 Town Hall
04:34 Arcane Vault
04:36 Farm
04:54 Scout Tower
04:55 Scout Tower
05:30 Guard Tower
05:59 Arcane Tower
06:29 Scout Tower
06:46 Keep
07:26 Guard Tower
07:28 Scout Tower
08:10 Scout Tower
08:13 Arcane Tower
09:17 Arcane Sanctum
09:19 Arcane Sanctum
09:36 Guard Tower
12:35 Castle
12:40 Blacksmith
13:26 Farm
13:28 Farm
13:58 Scout Tower
13:59 Scout Tower
14:02 Scout Tower
14:29 Guard Tower
15:15 Scout Tower
15:16 Scout Tower
15:17 Scout Tower
15:18 Scout Tower
15:25 Guard Tower
15:28 Farm
15:29 Farm
15:50 Guard Tower
16:21 Guard Tower
16:30 Farm
17:24 Workshop
20:04 Town Hall
23:00 Gryphon Aviary
» items
| Scroll of Regeneration | 2 | |
| Scroll of Town Portal | 4 | |
| Potion of Healing | 4 | |
| Ivory Tower | 3 | |
| Staff of Sanctuary | 1 | |
| Orb of Fire | 1 | |
15 total

»
iggy_the_fisk (
teal | 95 APM | 2241 actions | 23:28)
3 Demon Hunter
2 Mana Burn
1 Evasion
4 Keeper of the Grove
2 Entangling Roots
2 Thorns Aura
» actions
| Assign group hotkey | 95 | |
| Basic commands | 33 | |
| Build / train | 87 | |
| Enter build submenu | 18 | |
| Enter hero's abilities submenu | 7 | |
| Give item / drop item | 1 | |
| Right click | 1289 | |
| Select / deselect | 473 | |
| Select group hotkey | 134 | |
| Use ability | 104 | |
2241 total
» units
| Wisp | 22 | |
| Huntress | 6 | |
| Dryad | 16 | |
| Druid of the Claw | 9 | |
| Mountain Giant | 1 | |
54 total
» upgrades
| Druid of the Claw Training | 2 | |
| Hardened Skin | 1 | |
| Strength of the Wild | 1 | |
4 total
» buildings
| Altar of Elders | 1 | |
| Moon Well | 7 | |
| Ancient of War | 1 | |
| Hunter's Hall | 1 | |
| Tree of Ages | 1 | |
| Ancient of Wonders | 1 | |
| Ancient of Lore | 5 | |
| Tree of Eternity | 1 | |
| Ancient Protector | 1 | |
19 total
» build order
00:07 Altar of Elders
00:18 Moon Well
01:32 Ancient of War
01:38 Hunter's Hall
01:52 Moon Well
02:48 Tree of Ages
03:48 Moon Well
04:40 Ancient of Wonders
05:14 Ancient of Lore
05:17 Ancient of Lore
05:52 Moon Well
05:54 Moon Well
08:04 Ancient of Lore
08:53 Moon Well
11:28 Tree of Eternity
12:15 Moon Well
13:27 Ancient Protector
13:49 Ancient of Lore
16:07 Ancient of Lore
» items
| Staff of Preservation | 3 | |
| Scroll of Town Portal | 2 | |
| Potion of Healing | 6 | |
| Moonstone | 1 | |
| Potion of Mana | 1 | |
| Orb of Venom | 2 | |
| Dust of Appearance | 1 | |
| Lesser Clarity Potion | 1 | |
17 total
team 2 (loser)
Girl_Scout (
green | 98 APM | 2309 actions | 23:27)
4 Blademaster
2 Wind Walk
2 Critical Strike
2 Shadow Hunter
1 Healing Wave
1 Hex
» actions
| Assign group hotkey | 250 | |
| Basic commands | 3 | |
| Build / train | 94 | |
| Enter build submenu | 12 | |
| Enter hero's abilities submenu | 6 | |
| Right click | 1355 | |
| Select / deselect | 371 | |
| Select group hotkey | 119 | |
| Use ability | 99 | |
2309 total
» units
| Peon | 10 | |
| Grunt | 18 | |
| Raider | 13 | |
| Spirit Walker | 6 | |
| Kodo Beast | 1 | |
48 total
» upgrades
| Melee Weapons | 3 | |
| Armor | 2 | |
| Ensnare | 1 | |
| Berserker Strength | 1 | |
| Spirit Walker Training | 1 | |
| Shaman Training | 1 | |
9 total
» buildings
| Altar of Storms | 1 | |
| Orc Burrow | 5 | |
| Barracks | 1 | |
| War Mill | 1 | |
| Voodoo Lounge | 1 | |
| Stronghold | 2 | |
| Beastiary | 1 | |
| Spirit Lodge | 1 | |
| Fortress | 2 | |
| Great Hall | 1 | |
16 total
» build order
00:08 Altar of Storms
00:10 Orc Burrow
00:25 Barracks
01:49 Orc Burrow
02:23 War Mill
03:42 Voodoo Lounge
03:45 Stronghold
03:46 Stronghold
04:52 Orc Burrow
07:03 Beastiary
07:19 Orc Burrow
09:35 Spirit Lodge
15:13 Fortress
17:47 Great Hall
21:09 Fortress
21:49 Orc Burrow
» items
| Healing Salve | 3 | |
| Lesser Clarity Potion | 6 | |
| Scroll of Speed | 3 | |
| Scroll of Town Portal | 1 | |
| Potion of Healing | 1 | |
14 total
GOULIE-RUSHER (
blue | 103 APM | 2364 actions | 22:50)
6 Death Knight
3 Death Coil
2 Unholy Aura
1 Death Pact
4 Lich
2 Frost Nova
2 Frost Armor
» actions
| Assign group hotkey | 39 | |
| Basic commands | 88 | |
| Build / train | 81 | |
| ESC pressed | 4 | |
| Enter build submenu | 16 | |
| Enter hero's abilities submenu | 10 | |
| Give item / drop item | 3 | |
| Right click | 1141 | |
| Select / deselect | 395 | |
| Select group hotkey | 407 | |
| Use ability | 180 | |
2364 total
» units
| Acolyte | 7 | |
| Ghoul | 5 | |
| Crypt Fiend | 26 | |
| Obsidian Statue | 14 | |
52 total
» upgrades
| Creature Attack | 2 | |
| Burrow | 1 | |
| Destroyer Form | 1 | |
4 total
» buildings
| Crypt | 1 | |
| Graveyard | 1 | |
| Altar of Darkness | 1 | |
| Ziggurat | 8 | |
| Tomb of Relics | 1 | |
| Halls of the Dead | 1 | |
| Black Citadel | 1 | |
| Slaughterhouse | 2 | |
16 total
» build order
00:06 Crypt
00:12 Graveyard
00:44 Altar of Darkness
00:59 Ziggurat
01:37 Tomb of Relics
01:59 Ziggurat
03:36 Ziggurat
05:13 Halls of the Dead
05:34 Ziggurat
07:41 Ziggurat
10:18 Ziggurat
11:33 Black Citadel
12:35 Slaughterhouse
12:36 Slaughterhouse
15:18 Ziggurat
17:51 Ziggurat
» items
Chat log
(22:50 / All) GOULIE-RUSHER: gg
(22:52 / All) dirtmcwordup: gg
(22:52 / All) iggy_the_fisk: gg
(22:55 / All) Girl_Scout: GG